 Dungeon Crawl Stone Soup version 0.30-a0-726-gd89dcf765f (webtiles) character file.

Game seed: 877707060060922571

2165 hikkokomori the Carver (level 9, -2/72 HPs)
             Began as a Merfolk Gladiator on Jan 29, 2023.
             Was a Follower of Okawaru.
             Slain by a yak (12 damage)
             ... on level 6 of the Dungeon.
             The game lasted 00:10:20 (5535 turns).

hikkokomori the Carver (Merfolk Gladiator)          Turns: 5535, Time: 00:10:21

Health: -2/72      AC: 11    Str: 14    XL:     9   Next: 32%
Magic:  14/14      EV: 14    Int:  7    God:    Okawaru [*.....]
Gold:   38         SH:  0    Dex: 26    Spells: 7/14 levels left

rFire   + . .      SeeInvis .    a - +0 long sword
rCold   . . .      Faith    .    (no shield)
rNeg    . . .      Spirit   .    A - +2 ring mail {rF+}
rPois   .          Reflect  .    c - +0 helmet
rElec   .          Harm     .    o - +0 cloak
rCorr   .          Rampage  .    (no gloves)
Will    .....                    n - +1 pair of boots
Stlth   +++                      v - amulet of the acrobat
HPRegen 0.00/turn                h - +6 ring of dexterity
MPRegen 0.14/turn                (no ring)

@: inhibited regen, unable to drink
A: (nimble swimmer 2), mertail, inhibited regeneration, inability to drink after
injury 1, noise suppression
a: Renounce Religion, Heroism


You were on level 6 of the Dungeon.
You worshipped Okawaru.
Okawaru was aware of your devotion.
You visited 2 branches of the dungeon, and saw 7 of its levels.

You collected 269 gold pieces.
You spent 231 gold pieces at shops.

Inventory:

Hand Weapons
 a - a +0 long sword (weapon)
 g - a +1 whip of electrocution
Missiles
 d - 3 throwing nets (quivered)
 e - 5 javelins
Armour
 b - a +0 leather armour
 c - a +0 helmet (worn)
 n - a +1 pair of boots (worn)
 o - a +0 cloak (worn)
 A - a +2 ring mail of fire resistance (worn)
 B - the +0 leather armour of Happy Babbling {*Slow rC+ Regen+}
   (You found it on level 5 of the Dungeon)

   rC:        It protects you from cold.
   Regen:     It increases your rate of health regeneration.
   *Slow:     It may slow you when you take damage.
Jewellery
 h - a +6 ring of dexterity (left hand)
 v - an amulet of the acrobat (around neck)
 E - a ring of flight
Wands
 u - a wand of mindburst (7)
 y - a wand of flame (25)
Scrolls
 f - 3 scrolls of enchant weapon {unknown}
 j - a scroll of silence {unknown}
 k - 3 scrolls of poison {unknown}
 m - 5 scrolls of teleportation {unknown}
 q - a scroll of enchant armour {unknown}
 s - a scroll of amnesia {unknown}
 t - a scroll of magic mapping {unknown}
 z - a scroll of identify
 C - a scroll of fear {unknown}
 D - a scroll of noise {unknown}
 F - a scroll of fog {unknown}
Potions
 i - 3 potions of attraction
 p - a potion of ambrosia {unknown}
 r - a potion of haste {unknown}
 w - a potion of lignification {unknown}
 x - 4 potions of magic
 G - a potion of mutation


   Skills:
 + Level 7.1 Fighting
 + Level 8.3 Long Blades
 - Level 2.0 Throwing
 - Level 5.3 Dodging
 - Level 4.7 Stealth
 - Level 3.4 Spellcasting
 + Level 2.7 Poison Magic
 + Level 4.5 Invocations


You had 7 spell levels left.
You knew the following spells:

 Your Spells              Type           Power      Damage    Failure   Level
a - Ozocubu's Armour      Ice            1%         N/A       90%         3
b - Olgreb's Toxic Radia  Pois           5%         N/A       91%         4

Your spell library contained the following spells:

 Spells                   Type           Power      Damage    Failure   Level
 Sting                    Tmut/Pois      12%        1d3       36%         1
 Poisonous Vapours        Pois/Air       6%         N/A       52%         2
 Sandblast                Erth           2%         2d4       56%         1
 Cigotuvi's Dreadful Rot  Necr/Pois/Air  4%         N/A       56%         2
 Passwall                 Tmut/Erth      0%         N/A       71%         2
 Mephitic Cloud           Conj/Pois/Air  2%         N/A       80%         3
 Stone Arrow              Conj/Erth      2%         3d7       90%         3
 Metabolic Englaciation   Hex/Ice        0%         N/A       100%        5
 Simulacrum               Ice/Necr       Unusable   N/A       N/A         6

Dungeon Overview and Level Annotations

Branches:
Dungeon (6/15)             Temple (1/1) D:4

Altars:
Dithmenos
Hepliaklqana
Makhleb
Okawaru
Qazlal
Uskayaw
Wu Jian
Yredelemnul
The Shining One

Shops:
D:5 [=


Innate Abilities, Weirdness & Mutations

((You are very nimble when in or above water. (Stealth+, EV+, Speed+++)))
Your lower body shifts to a powerful aquatic tail in water.
You do not regenerate when monsters are visible.
You occasionally lose the ability to drink potions when taking damage.
You passively dampen the noise of your surroundings.


Message History

The yak gores you.
* * * LOW HITPOINT WARNING * * *
You hit the yak but do no damage.
The yak is heavily wounded.
The yak gores you.
* * * LOW HITPOINT WARNING * * *
You feel much better. The yak gores you.
You hit the yak.
The yak is heavily wounded.
The yak gores you.
You barely miss the yak.
The yak is heavily wounded.
The yak gores you but does no damage.
You hit the yak.
The yak is severely wounded.
The yak misses you.
You hit the yak.
The yak is severely wounded.
The yak gores you!
You feel threatened and lose the ability to drink potions!
* * * LOW HITPOINT WARNING * * *
You hit the yak.
The yak is severely wounded.
The yak gores you but does no damage.
You barely miss the yak.
The yak is severely wounded.
The yak gores you but does no damage.
You slash the yak!
You kill the yak!
Okawaru accepts your kill.
You can drink potions again.
You slash the yak!
The yak is moderately wounded.
The yak gores you!
You feel threatened and lose the ability to drink potions!
* * * LOW HITPOINT WARNING * * *
You hit the yak.
The yak is moderately wounded.
The yak gores you!
You die...

#... ...... #####.Y#
.....# #..[...##.....#
............#
#..........
#####..........
#.......).....#
##+#####Y............#
+.....@YY.....##.....#
#....)##+###..##.....#
##)... #...#......
#$... #...# .....
...... #...# .....
....... #.†## ...#
.###### #..# #..# #..#


You could see 3 yaks.

Vanquished Creatures
  2 yaks (D:6)
  2 ogres (D:6)
  A centaur (D:5)
  A phantom (D:4)
  2 necrophages (D:5)
  6 scorpions
  A water moccasin zombie (D:5)
  A wight (D:5)
  A howler monkey (D:4)
  2 centaur zombies (D:5)
  2 bullfrog zombies (D:5)
  5 hounds
  A human zombie (D:5)
  3 jellies
  3 orc priests
  Ijyb (D:4)
  Natasha (thrice) (D:4)
  3 orc wizards
  2 scorpion zombies (D:5)
  A hound zombie (D:5)
  7 adders
  A white imp (D:5)
  2 dart slugs
  20 orcs
  10 endoplasms
  5 giant cockroaches
  3 goblins
  16 hobgoblins
  7 jackals
  7 kobolds
  4 quokkas
  7 ball pythons
  5 bats
  7 frilled lizards
  5 rats
149 creatures vanquished.

Notes
Turn   | Place    | Note
-------+----------+-------------------------------------------
     0 | D:1      | hikkokomori the Merfolk Gladiator began the quest for the
                  | Orb.
     0 | D:1      | Reached XP level 1. HP: 16/16 MP: 1/1
    60 | D:1      | Reached XP level 2. HP: 23/23 MP: 2/2
   121 | D:1      | Reached skill level 4 in Long Blades
   241 | D:1      | Reached XP level 3. HP: 21/28 MP: 3/3
  1133 | D:2      | Reached XP level 4. HP: 33/35 MP: 4/4
  1386 | D:2      | Reached skill level 5 in Dodging
  2239 | D:2      | Reached XP level 5. HP: 30/41 MP: 5/5
  2341 | D:2      | Reached skill level 5 in Long Blades
  2341 | D:2      | Reached skill level 1 in Stealth
  2521 | D:3      | Learned a level 3 spell: Ozocubu's Armour
  2698 | D:3      | Found a shadowy altar of Dithmenos.
  2744 | D:3      | Found a burning altar of Makhleb.
  2746 | D:3      | Noticed a balrug
  2808 | D:4      | Found a stormy altar of Qazlal.
  2889 | D:4      | Found a staircase to the Ecumenical Temple.
  2899 | D:4      | Noticed a phantom
  2914 | D:4      | Killed a phantom
  2915 | D:4      | Reached XP level 6. HP: 32/48 MP: 6/6
  2998 | D:4      | Noticed Natasha
  3008 | D:4      | Killed Natasha
  3055 | D:4      | Noticed Ijyb
  3063 | D:4      | Killed Ijyb
  3198 | D:4      | Reached XP level 7. HP: 38/55 MP: 7/7
  3298 | D:4      | Noticed Natasha
  3316 | D:4      | Killed Natasha
  3389 | D:4      | Reached skill level 6 in Long Blades
  3430 | D:4      | Reached skill level 1 in Spellcasting
  3562 | D:4      | Noticed Natasha
  3568 | D:4      | Killed Natasha
  3569 | D:4      | Reached skill level 5 in Fighting
  3785 | D:5      | Entered Level 5 of the Dungeon
  3824 | Temple   | Entered the Ecumenical Temple
  3831 | Temple   | Became a worshipper of Warmaster Okawaru
  3985 | D:5      | Reached skill level 1 in Invocations
  3985 | D:5      | Reached XP level 8. HP: 62/62 MP: 11/11
  4328 | D:5      | Reached skill level 7 in Long Blades
  4341 | D:5      | Reached * piety under Okawaru
  4472 | D:5      | Found a basalt altar of Yredelemnul.
  4739 | D:5      | Found Ohiamug's Armour Boutique.
  4747 | D:5      | Learned a level 4 spell: Olgreb's Toxic Radiance
  4747 | D:5      | Bought a +2 ring mail of fire resistance for 231 gold
                  | pieces
  4769 | D:5      | Identified the +0 leather armour of Happy Babbling {*Slow
                  | rC+ Regen+}
  4902 | D:5      | Found a hazy altar of Hepliaklqana.
  5120 | D:5      | Reached skill level 1 in Poison Magic
  5254 | D:5      | Found Cuny's Jewellery Shop.
  5320 | D:6      | Reached XP level 9. HP: 70/71 MP: 14/14
  5504 | D:6      | Gained mutation: You passively dampen the noise of your
                  | surroundings. [potion of mutation]
  5504 | D:6      | Gained mutation: You do not regenerate when monsters are
                  | visible. [potion of mutation]
  5504 | D:6      | Gained mutation: You occasionally lose the ability to drink
                  | potions when taking damage. [potion of mutation]
  5517 | D:6      | Reached skill level 8 in Long Blades
  5535 | D:6      | Slain by a yak

Illustrated notes

Levels and vault maps discovered:
D:1:      roderic_chinese_lattice_arrival, layout_basic, minmay_split_cup_large
D:2:      layout_basic, serial_co_window_serial, co_window_paths_b,
          co_window_paths_a, co_window_of_opportunity_a, co_window_paths_a,
          co_window_paths_a, co_window_paths_b, co_window_paths_b,
          co_window_of_opportunity_a, co_window_of_opportunity_a,
          co_window_corner_cb, co_window_broadway_a, co_window_2corner,
          co_window_broadway_a, co_window_corner_cb, co_window_2corner,
          co_window_corner_b, co_window_paths_d, glass_columns_a,
          glass_columns_b, glass_columns_c, glass_columns_b, glass_columns_a,
          grunt_ministairs_1
D:3:      layout_rooms, makhleb_altar_promises_db,
          nicolae_dithmenos_through_a_glass_darkly,
          chequers_serial_rivers_micro_e, corexii_leaking_fountain
D:4:      layout_cave_pools, amcnicky_altar_gilded,
          minmay_temple_entry_metal_lava, uniq_natasha, uniq_ijyb
D:5:      layout_layer_cave, mainiacjoe_overflow_paths,
          lemuel_mausoleum_altar_yredelemnul, serial_shops, kennysheep_mini,
          shop
D:6:      layout_gridville
Temple:   hellmonk_temple_of_storms

Skill      XL: |  1  2  3  4  5  6  7  8  9 |
---------------+----------------------------+-----
Long Blades    | 4 5 6 7 8 |  8.3
Fighting       | 3 4 5 6 7 |  7.1
Dodging        | 5 |  5.3
Stealth        | 2 4 |  4.7
Spellcasting   | 2 3 |  3.4
Invocations    | 1 3 4 |  4.5
Poison Magic   | 1 2 |  2.7
Throwing       | |  2.0

Action                     |  1- 3 |  4- 6 |  7- 9 || total
---------------------------+-------+-------+-------++-------
  Melee: Long sword        |   136 |   222 |   239 ||   597
         Punch             |     1 |     5 |     6 ||    12
    Use: Scroll            |       |     2 |     1 ||     3
         Potion            |       |       |     2 ||     2
   Stab: Sleeping          |       |     2 |    11 ||    13
         Distracted        |       |       |     1 ||     1
 Armour: Leather armour    |    43 |    88 |    46 ||   177
         Ring mail         |       |       |    35 ||    35
  Dodge: Dodged            |    93 |   233 |   171 ||   497

Table legend: (Time is in decaauts)
 A = Elapsed time spent in this place.
 B = Non-inter-level travel time spent in this place.
 C = Inter-level travel time spent in this place.
 D = Time resting spent in this place.
 E = Time spent auto-exploring this place.
 F = Levels seen in this place.
 G = Mean time per level.
                   A        B        C        D        E       F      G
               +--------+--------+--------+--------+--------+-----+--------+
         Total |   5603 |   5403 |    200 |    154 |   3973 |   7 |  800.4 |
       Dungeon |   5589 |   5389 |    200 |    154 |   3973 |   6 |  931.5 |
        Temple |     13 |     13 |      0 |      0 |      0 |   1 |   13.0 |
               +--------+--------+--------+--------+--------+-----+--------+

Top non-repeatable levels by time:
     D:2: 1663 daAuts
     D:5: 1449 daAuts
     D:4: 1054 daAuts
     D:1: 807 daAuts
     D:3: 383 daAuts
     D:6: 231 daAuts
  Temple: 13 daAuts
